 Dungeon Crawl Stone Soup version 0.27-a0-46-g34d46f0a3f (webtiles) character file.

Game seed: 14465024245537511018

1911 Borgoz the Ducker (level 9, -1/74 HPs)
             Began as a Ghoul Gladiator on Jan 7, 2021.
             Splashed by a jelly's acid (5 damage)
             ... on level 7 of the Dungeon.
             The game lasted 00:09:21 (6845 turns).

Borgoz the Ducker (Ghoul Gladiator)                 Turns: 6845, Time: 00:09:22

Health: -1/74      AC:  9    Str: 19    XL:     9   Next: 16%
Magic:  9/9        EV: 13    Int:  3    God:
Gold:   359        SH:  0    Dex: 12    Spells: 5/10 levels left

rFire    . . .     SeeInvis .     - Unarmed
rCold    + . .     Faith    .   (no shield)
rNeg     + + +     Spirit   .   i - +0 scale mail
rPois    ∞         Reflect  .   h - +1 helmet
rElec    .         Harm     .   (no cloak)
rCorr    .         Rampage  .   (no gloves)
Will     .....                  (no boots)
Stlth    ..........             m - amulet of the acrobat
HPRegen  0.00/turn              (no ring)
MPRegen  0.11/turn              (no ring)

@: mighty, attractive
A: claws 1, cold resistance 1, negative energy resistance 3, inhibited
regeneration, torment resistance, unbreathing
a: no special abilities


You were on level 7 of the Dungeon.
You visited 1 branch of the dungeon, and saw 7 of its levels.

You collected 359 gold pieces.

Inventory:

Missiles
 c - a throwing net (quivered)
Armour
 h - a +1 helmet (worn)
 i - a +0 scale mail (worn)
Jewellery
 f - an uncursed amulet of faith
 m - an amulet of the acrobat (around neck)
Wands
 l - a wand of flame (36)
Scrolls
 a - a scroll of identify
 b - 2 scrolls of remove curse
 d - 3 scrolls of fog
 g - a scroll of blinking
 j - a scroll of enchant weapon
 k - a scroll of enchant armour {unknown}


   Skills:
 + Level 5.4 Fighting
 - Level 1.7 Throwing
 * Level 5.8 Armour
 * Level 6.5 Dodging
 + Level 6.0 Unarmed Combat
 + Level 1.1 Spellcasting
 + Level 1.2 Hexes


You had 5 spell levels left.
You knew the following spells:

 Your Spells              Type           Power        Failure   Level
a - Confusing Touch       Hex            0%           95%         3
b - Blink                 Tloc           N/A          93%         2

Your spell library contained the following spells:

 Spells                   Type           Power        Failure   Level
 Slow                     Hex            0%           80%         2
 Animate Skeleton         Necr           0%           83%         1
 Magic Dart               Conj           0%           83%         1
 Pain                     Necr           0%           83%         1
 Call Imp                 Summ           0%           93%         2
 Conjure Flame            Conj/Fire      0%           99%         3
 Gell's Gravitas          Tloc           0%           99%         3
 Mephitic Cloud           Conj/Pois/Air  0%           99%         3
 Vampiric Draining        Necr           0%           99%         3
 Animate Dead             Necr           0%           100%        4
 Petrify                  Tmut/Erth      0%           100%        4
 Agony                    Necr           0%           100%        5
 Metabolic Englaciation   Hex/Ice        0%           100%        5
 Yara's Violent Unravell  Hex/Tmut       0%           100%        5


Dungeon Overview and Level Annotations

Branches:
Dungeon (7/15)
 Temple: D:4-7

Altars:
Fedhas
Hepliaklqana
Nemelex Xobeh
Okawaru
Vehumet

Shops:
D:4 (   D:5 [


Innate Abilities, Weirdness & Mutations

You thrive by killing the living.
You are immune to poison.
You have sharp fingernails.
Your flesh is cold resistant. (rC+)
You are immune to negative energy. (rN+++)
You do not regenerate when monsters are visible.
You are immune to unholy pain and torment.
You can survive without breathing.


Message History

Drop what? 13/52 slots (_ for help) (? for menu, Esc to quit)
You drop 2 potions of attraction.
You see here a jackal corpse.
There is a stone staircase leading down here.
You climb downwards.
You hear the roar of battle.
There is an entrance to a bailey on this level.
Hurry and find it before the portal closes forever!
You hear the faint creaking of a very distant portcullis.
The jelly hits you.
You are splashed with acid!
* * * LOW HITPOINT WARNING * * *
The big kobold throws a stone.
The stone hits you but does no damage. The jelly hits you.
* * * LOW HITPOINT WARNING * * *
You are splashed with acid!
* * * LOW HITPOINT WARNING * * *
The big kobold is pulled toward you!
There is a stone staircase leading up here.
You see here 2 stones.
You claw the jelly!
Your claws burn!
You die...

.......##
.......###
..........
#.......#
####....[..
###........#
........J..#
#...@..#
#......##
#..K#..##
.).. #.##
$.[ #. .[ #.
. #. ..


You could see a big kobold and a jelly.

Vanquished Creatures
  Eustachio (D:4)
  A sky beast (D:6)
  A phantom (D:6)
  An ogre (D:4)
  A centaur (D:5)
  3 bullfrogs (D:6)
  4 scorpions
  A killer bee (D:6)
  3 wights (D:6)
  3 hounds
  A jelly (D:6)
  2 orc priests
  2 bullfrog skeletons
  A gnoll shaman (D:6)
  4 iguanas
  3 orc wizards
  Ijyb (D:4)
  6 worker ants
  2 hound zombies (D:5)
  A worker ant zombie (D:6)
  7 adders
  An ufetubus (D:5)
  2 oozes
  An adder zombie (D:5)
  A dart slug (D:2)
  4 leopard geckos
  18 orcs
  11 giant cockroaches
  13 goblins
  A hobgoblin (D:1)
  9 jackals
  2 quokkas
  5 ball pythons
  8 bats
  10 frilled lizards
  A jackal skeleton (D:5)
  3 kobolds (D:1)
  A quokka zombie (D:4)
  3 rats
143 creatures vanquished.

Vanquished Creatures (others)
  2 plants (D:3)
2 creatures vanquished.

Grand Total: 145 creatures vanquished

Notes
Turn   | Place    | Note
-------+----------+-------------------------------------------
     0 | D:1      | Borgoz the Ghoul Gladiator began the quest for the Orb.
     0 | D:1      | Reached XP level 1. HP: 17/17 MP: 0/0
   144 | D:1      | Reached XP level 2. HP: 20/25 MP: 1/1
   546 | D:1      | Reached skill level 1 in Armour
   711 | D:1      | Reached XP level 3. HP: 26/30 MP: 2/2
  1306 | D:2      | Found a blossoming altar of Fedhas.
  1512 | D:2      | Reached XP level 4. HP: 37/37 MP: 3/3
  2003 | D:3      | Found a radiant altar of Vehumet.
  2006 | D:3      | Found a blossoming altar of Fedhas.
  2009 | D:3      | Found a hazy altar of Hepliaklqana.
  2213 | D:3      | Found a sparkling altar of Nemelex Xobeh.
  2367 | D:3      | Reached XP level 5. HP: 20/45 MP: 4/4
  3112 | D:4      | Noticed an ogre
  3126 | D:4      | Killed an ogre
  3127 | D:4      | Reached XP level 6. HP: 43/51 MP: 5/5
  3243 | D:4      | Found Segu's Weapon Shop.
  3417 | D:4      | Noticed Ijyb
  3441 | D:4      | Killed Ijyb
  3735 | D:4      | Reached XP level 7. HP: 50/58 MP: 6/6
  4418 | D:4      | Noticed Eustachio
  4437 | D:4      | Killed Eustachio
  4438 | D:4      | Reached skill level 5 in Dodging
  4722 | D:4      | Reached skill level 5 in Unarmed Combat
  4840 | D:5      | Entered Level 5 of the Dungeon
  4840 | D:5      | Found Heteumi's Armour Shop.
  5036 | D:5      | Found an iron altar of Okawaru.
  5052 | D:5      | Reached XP level 8. HP: 66/67 MP: 7/7
  5057 | D:5      | Got a twisted mace
  5060 | D:5      | Identified the +3 mace "Impbane" {flame, rF- Str+2 Int+4}
                  | (You found it on level 5 of the Dungeon)
  5911 | D:6      | Reached skill level 5 in Armour
  6250 | D:6      | Learned a level 3 spell: Confusing Touch
  6283 | D:6      | Reached skill level 5 in Fighting
  6519 | D:6      | Reached XP level 9. HP: 63/74 MP: 9/9
  6525 | D:6      | Learned a level 2 spell: Blink
  6784 | D:6      | Reached skill level 1 in Spellcasting
  6784 | D:6      | Reached skill level 1 in Hexes
  6845 | D:7      | Splashed by a jelly's acid

Illustrated notes

Levels and vault maps discovered:
D:1:      shiori_arrival_maze, layout_loops_ring, serial_aquarium,
          aquarium_bridge_straight [aquarium_subvault_bridge,
          aquarium_subvault_window, aquarium_subvault_bridge,
          aquarium_subvault_wall], aquarium_window_2, aquarium_window_fake,
          aquarium_view_2b, minmay_pentomino_p4
D:2:      minmay_roachtagon, layout_basic, grunt_ministairs_8,
          fedhas_ov_isle_minmay
D:3:      layout_loops_ring, grunt_temple_overflow_diamond,
          nemelex_xobeh_ov_fountains_minmay, st_stairs_6,
          hangedman_decor_points, minmay_lizard_king
D:4:      layout_basic, serial_shops, shop, uniq_eustachio, uniq_ijyb
D:5:      layout_basic, serial_shops, shop_fountains, okawaru_ov_weapons_minmay
D:6:      layout_basic, st_stairs_14
D:7:      layout_layer_cave, temple_pool_b, serial_shops, shop, shop,
          nicolae_shop_statue_plus, shop, shop, gammafunk_ghost_arena,
          enter_bailey_3, minmay_circle_x

Skill      XL: |  1  2  3  4  5  6  7  8  9 |
---------------+----------------------------+-----
Armour         | 1 2 3 4 5 |  5.8
Dodging        | 3 4 5 6 |  6.5
Fighting       | 3 4 5 |  5.4
Unarmed Combat | 4 5 6 |  6.0
Spellcasting   | 1 |  1.1
Hexes          | 1 |  1.2
Throwing       | |  1.7

Action                   |  1- 3 |  4- 6 |  7- 9 || total
-------------------------+-------+-------+-------++-------
Melee: Unarmed           |   113 |   255 |   327 ||   695
       Punch             |     1 |     4 |     2 ||     7
Throw: Throwing net      |       |     1 |     2 ||     3
  Use: Scroll            |     7 |     3 |     3 ||    13
       Potion            |       |     3 |     7 ||    10
Armor: Leather armour    |    54 |     1 |       ||    55
       Scale mail        |       |   105 |   136 ||   241
Dodge: Dodged            |   110 |   155 |   239 ||   504

Table legend: (Time is in decaauts)
 A = Elapsed time spent in this place.
 B = Non-inter-level travel time spent in this place.
 C = Inter-level travel time spent in this place.
 D = Time resting spent in this place.
 E = Time spent auto-exploring this place.
 F = Levels seen in this place.
 G = Mean time per level.
                   A        B        C        D        E       F      G
               +--------+--------+--------+--------+--------+-----+--------+
         Total |   6767 |   6611 |    156 |    940 |   4436 |   7 |  966.7 |
       Dungeon |   6767 |   6611 |    156 |    940 |   4436 |   7 |  966.7 |
               +--------+--------+--------+--------+--------+-----+--------+

Top non-repeatable levels by time:
     D:4: 1759 daAuts
     D:3: 1324 daAuts
     D:6: 1161 daAuts
     D:1: 1064 daAuts
     D:5: 810 daAuts
     D:2: 638 daAuts
     D:7: 7 daAuts
